 Dungeon Crawl Stone Soup version 0.22-a0-614-g34fbaa0 (webtiles) character file.

57 spacecwb the Skirmisher (level 4, 0/29 HPs)
             Began as a Gargoyle Monk on July 15, 2018.
             Slain by a killer bee (7 damage)
             ... on level 3 of the Dungeon.
             The game lasted 00:03:20 (1604 turns).

spacecwb the Skirmisher (Gargoyle Monk)             Turns: 1604, Time: 00:03:21

Health: 0/29       AC:  9    Str: 16    XL:     4   Next: 0%
Magic:  4/4        EV: 10    Int: 10    God:
Gold:   60         SH:  0    Dex: 12    Spells: 3/3 levels left

rFire    . . .     SeeInvis .   a - +0 mace
rCold    . . .     Gourm    .   (no shield)
rNeg     + . .     Faith    .   j - +0 scale mail
rPois    ∞         Spirit   .   (no helmet)
rElec    +         Reflect  .   (no cloak)
rCorr    .         Harm     +   (no gloves)
MR       .....                  (no boots)
Stlth    +.........             d - amulet of harm
HPRegen  0.09/turn              (no ring)
MPRegen  0.09/turn              (no ring)

@: hasted, very quick
A: negative energy resistance 1, electricity resistance, unbreathing,
petrification resistance, rot immunity, AC +3
a: no special abilities


You were on level 3 of the Dungeon.
You were not hungry.

You visited 1 branch of the dungeon, and saw 3 of its levels.

You collected 60 gold pieces.

Inventory:

Hand Weapons
 a - a +0 mace (weapon)
Armour
 b - a +0 robe
 h - a +0 ring mail
 j - a +0 scale mail (worn)
Jewellery
 d - an amulet of harm (around neck)
Scrolls
 e - a scroll of magic mapping
 g - a scroll of teleportation {unknown}
Potions
 c - 2 potions of curing {unknown}
 f - 2 potions of haste
 i - a potion of mutation {unknown}


   Skills:
 * Level 3.8 Fighting
 * Level 3.4 Maces & Flails
 * Level 1.1 Armour
 * Level 2.8 Dodging
 + Level 2.9 Stealth


You had 3 spell levels left.
You didn't know any spells.
Your spell library was empty.

Dungeon Overview and Level Annotations

Branches:
Dungeon (3/15)

Altars:
Cheibriados
Elyvilon
Ru


Innate Abilities, Weirdness & Mutations

You are resistant to torment.
Your stone body is resilient. (AC +3)
You are immune to poison.
You resist negative energy. (rN+)
You are resistant to electric shocks. (rElec)
You can survive without breathing.
You are immune to petrification.
You are immune to rotting.


Message History

The killer bee stings you but does no damage.
The killer bee stings you.
You miss the killer bee. The killer bee stings you.
The killer bee stings you but does no damage. x2
The killer bee barely misses you. The killer bee stings you.
* * * LOW HITPOINT WARNING * * *
The killer bee closely misses you.
The killer bee stings you but does no damage.
The killer bee stings you but does no damage.
The killer bee stings you but does no damage.
The killer bee barely misses you.
There is a stone staircase leading down here.
The killer bee stings you but does no damage.
The killer bee barely misses you.
You climb downwards.
There is a stone staircase leading up here.
It was a potion of haste.
You feel yourself speed up. The killer bee barely misses you.
The killer bee stings you.
You die...

####
# ..#
#.#y#
#..@#
###.#
..#
##.#
###


You could see a killer bee.

Vanquished Creatures
  An adder (D:2)
  An ooze (D:1)
  5 leopard geckos
  A giant cockroach (D:2)
  4 hobgoblins
  5 jackals (D:1)
  7 kobolds
  A bat (D:2)
  4 frilled lizards
  5 goblins (D:1)
  A rat (D:2)
35 creatures vanquished.

Notes
Turn   | Place    | Note
-------+----------+-------------------------------------------
     0 | D:1      | spacecwb the Gargoyle Monk began the quest for the Orb.
     0 | D:1      | Reached XP level 1. HP: 14/14 MP: 1/1
   697 | D:1      | Reached XP level 2. HP: 19/19 MP: 2/2
   995 | D:1      | Reached XP level 3. HP: 23/23 MP: 3/3
  1357 | D:2      | Found a white marble altar of Elyvilon.
  1373 | D:2      | Found a sacrificial altar of Ru.
  1373 | D:2      | Found a snail-covered altar of Cheibriados.
  1504 | D:2      | Reached skill level 1 in Armour
  1579 | D:2      | Noticed a killer bee
  1580 | D:2      | Reached XP level 4. HP: 29/29 MP: 4/4
  1604 | D:3      | Slain by a killer bee

Vault maps used:
D:1:      nagdon_arrival_double_spiral, minmay_misc_feat_alley
D:2:      gammafunk_temple_overflow_forgotten
D:3:      overflow_temple_1_default, first_ration, uniq_robin,
          uniq_crazy_yiuf_cottage

Skill      XL: |  1  2  3 |
---------------+----------+-----
Armour         | 1 |  1.1
Fighting       | |  3.8
Maces & Flails | |  3.4
Dodging        | |  2.8
Stealth        | |  2.9

Action                   |  1- 3 |  4- 6 || total
-------------------------+-------+-------++-------
Melee: Mace              |    88 |     1 ||    89
  Use: Scroll            |       |     1 ||     1
       Potion            |       |     1 ||     1
 Stab: Sleeping          |     2 |       ||     2
  Eat: Ration            |     1 |       ||     1
Armor: Robe              |    22 |       ||    22
       Ring mail         |    14 |       ||    14
       Skin              |     2 |       ||     2
       Scale mail        |     1 |    10 ||    11
Dodge: Dodged            |    92 |     9 ||   101

Table legend:
 A = Spawn XP
 B = Non-spawn XP
 C = Spawn XP percentage of total XP
 D = Spawn monster count
 E = Non-spawn monster count
 F = Spawn count percentage of total count
 G = Total turns spent on level
                    A         B        C        D         E        F      G
               +---------+---------+-------+---------+---------+-------+---------
         Total |       0 |      82 |   0.0 |       0 |      35 |   0.0 |  1604
               +---------+---------+-------+---------+---------+-------+---------
           D:1 |       0 |      43 |   0.0 |       0 |      21 |   0.0 |  1286
           D:2 |       0 |      39 |   0.0 |       0 |      14 |   0.0 |   317
               +---------+---------+-------+---------+---------+-------+---------
